 Dungeon Crawl Stone Soup version 0.29-a0-270-g1586fc07ea (webtiles) character file.

Game seed: 9437870179298182129

198 bearlyready the Bolt Thrower (level 6, -1/51 HPs)
             Began as a Kobold Arcane Marksman on Mar 7, 2022.
             Slain by a black bear (3 damage)
             ... on level 4 of the Dungeon.
             The game lasted 00:04:00 (2819 turns).

bearlyready the Bolt Thrower (KoAM)                 Turns: 2819, Time: 00:04:00

Health: -1/51      AC: 23    Str:  7    XL:     6   Next: 5%
Magic:  5/7        EV:  3    Int: 15    God:
Gold:   44         SH:  0    Dex: 17    Spells: 6/7 levels left

rFire   . . .      SeeInvis .   a - +0 hand crossbow
rCold   + . .      Faith    .   (no shield)
rNeg    . . .      Spirit   .   (body armour currently unavailable)
rPois   +          Reflect  .   (helmet currently unavailable)
rElec   .          Harm     .   (cloak currently unavailable)
rCorr   .          Rampage  .   (gloves currently unavailable)
Will    .....      NoTele   +   (boots currently unavailable)
Stlth   +++.......              (no amulet)
HPRegen 0.17/turn               l - ring of protection from cold
MPRegen 0.10/turn               (no ring)

@: tree-form
A: stationary, stasis, torment immunity, boosted hp, small, no large weapons,
nightstalker 3
a: no special abilities


You were on level 4 of the Dungeon.
You were a tree.
You visited 1 branch of the dungeon, and saw 4 of its levels.

You collected 44 gold pieces.

Inventory:

Hand Weapons
 a - a +0 hand crossbow (weapon)
 f - a +0 trident
 g - a +0 rapier
Armour
 b - a +0 robe (melded)
Jewellery
 l - a ring of protection from cold (left branch)
Scrolls
 c - a scroll of vulnerability
 d - a scroll of silence {unknown}
 e - a scroll of amnesia {unknown}
 h - a scroll of immolation
 i - a scroll of enchant weapon {unknown}
 m - a scroll of fear {unknown}
 n - a scroll of teleportation
 o - a scroll of acquirement {unknown}
Potions
 k - a potion of brilliance


   Skills:
 - Level 1.1 Fighting
 + Level 7.0 Crossbows
 - Level 2.4 Dodging
 + Level 3.0 Stealth
 - Level 1.1 Spellcasting
 - Level 3.0 Hexes


You had 6 spell levels left.
You knew the following spells:

 Your Spells              Type           Power      Damage    Failure   Level
a - Slow                  Hex            36%        N/A       7%          1

Your spell library contained the following spells:

 Spells                   Type           Power      Damage    Failure   Level
 Inner Flame              Hex/Fire       5%         N/A       36%         3
 Portal Projectile        Hex/Tloc       10%        N/A       36%         3
 Cause Fear               Hex            4%         N/A       56%         4


Dungeon Overview and Level Annotations

Branches:
Dungeon (4/15)
 Temple: D:4-7

Altars:

Annotations:
D:3 Ijyb


Innate Abilities, Weirdness & Mutations

You are a tree.
Your roots penetrate the ground, keeping you stationary.
You cannot be teleported.
You are immune to unholy pain and torment.
Your maximum health is greatly increased.
Your equipment is partially melded.
You are small and have problems with some larger weapons.
You are completely attuned to the shadows.


Message History

Aim: a black bear (severely wounded, berserk, 71% to hit)
You shoot a bolt. The bolt closely misses the black bear.
The bolt hits the adder but does no damage.
The black bear bites you but does no damage.
The black bear claws you but does no damage. x2
The howler monkey barely misses you.
The black bear bites you but does no damage.
The black bear claws you but does no damage.
The black bear barely misses you.
Shoot: a) +0 hand crossbow
Press: ? - help, Q - select action, (/) - cycle Shift-Dir - straight line, f/p - black bear
Aim: a black bear (severely wounded, berserk, 71% to hit)
You shoot a bolt. The bolt barely misses the black bear.
The bolt hits the adder.
The adder is heavily wounded.
The black bear bites you. The black bear claws you.
* * * LOW HITPOINT WARNING * * *
The black bear claws you but does no damage.
The howler monkey hits you but does no damage.
Shoot: a) +0 hand crossbow
Press: ? - help, Q - select action, (/) - cycle Shift-Dir - straight line, f/p - black bear
Aim: a black bear (severely wounded, berserk, 71% to hit)
You shoot a bolt. The bolt hits the black bear.
The black bear is almost dead.
The black bear bites you.
* * * LOW HITPOINT WARNING * * *
The black bear claws you but does no damage.
The black bear barely misses you. The black bear bites you!
* * * LOW HITPOINT WARNING * * *
The black bear claws you but does no damage. x2
The howler monkey hoots and howls with incredible vigour!
You hear a shout! x2
Shoot: a) +0 hand crossbow
Press: ? - help, Q - select action, (/) - cycle Shift-Dir - straight line, f/p - black bear
Aim: a black bear (almost dead, berserk, 71% to hit)
You shoot a bolt. The bolt closely misses the black bear.
The bolt hits the adder.
The adder is heavily wounded.
The black bear barely misses you. The black bear claws you.
You die...

.# #.#.# .# #.#.#
.######.#.#
<.......#.#
........#.#
.#####.##.# .#
#.##.# #####.
.#####.##.#
#.#####.....
.......##.#
#..h♣hS.....
..........#
#######.###
###.####### #.#
#.# #.# #.#
############.####
#>#
#...)..........<.
#.#
#.#####......###.
###.####.#
#........
.÷.......#
#.....####


You could see a black bear (berserk), a howler monkey (slow, catching breath)
and an adder.

Vanquished Creatures
  A necrophage (D:4)
  A jelly (D:4)
  5 adders
  A worm (D:3)
  3 dart slugs
  An orc (D:4)
  3 bats
  4 endoplasms
  5 giant cockroaches
  4 goblins
  4 hobgoblins
  6 jackals
  A kobold (D:1)
  2 quokkas (D:1)
  2 ball pythons (D:2)
  4 frilled lizards
  3 rats
50 creatures vanquished.

Notes
Turn   | Place    | Note
-------+----------+-------------------------------------------
     0 | D:1      | bearlyready the Kobold Arcane Marksman began the quest for
                  | the Orb.
     0 | D:1      | Reached XP level 1. HP: 12/12 MP: 2/2
    19 | D:1      | Reached skill level 3 in Crossbows
    54 | D:1      | Reached XP level 2. HP: 16/16 MP: 3/3
    93 | D:1      | Reached skill level 4 in Crossbows
   478 | D:1      | Reached XP level 3. HP: 20/20 MP: 4/4
   647 | D:1      | Found a faded altar of an unknown god.
  1084 | D:2      | Reached skill level 5 in Crossbows
  1189 | D:2      | Reached XP level 4. HP: 25/25 MP: 5/5
  1605 | D:2      | Reached skill level 6 in Crossbows
  2088 | D:3      | Noticed Ijyb
  2276 | D:4      | Reached XP level 5. HP: 29/29 MP: 6/6
  2438 | D:4      | Noticed an ogre
  2688 | D:4      | Reached skill level 7 in Crossbows
  2688 | D:4      | Reached XP level 6. HP: 34/34 MP: 7/7
  2800 | D:4      | Noticed a black bear
  2818 | D:4      | HP: 2/51 [black bear (8)]
  2819 | D:4      | Slain by a black bear

Illustrated notes

Levels and vault maps discovered:
D:1:      minmay_arrival_four_houses, layout_basic,
          shapermc_ecumenical_altar_mp_highgroup
D:2:      layout_loops_cross, grunt_ministairs_4, nicolae_figureground_pulse
D:3:      layout_basic, uniq_ijyb
D:4:      layout_loops_ring

Skill      XL: |  1  2  3  4  5  6 |
---------------+-------------------+-----
Crossbows      | 3 4 5 6 7 |  7.0
Stealth        | 2 3 |  3.0
Fighting       | |  1.1
Dodging        | |  2.4
Spellcasting   | |  1.1
Hexes          | |  3.0

Action                   |  1- 3 |  4- 6 || total
-------------------------+-------+-------++-------
 Fire: Hand crossbow     |    83 |    93 ||   176
 Cast: Slow              |     2 |     3 ||     5
  Use: Scroll            |       |     4 ||     4
       Potion            |       |     1 ||     1
Armor: Robe              |     2 |    10 ||    12
       Skin              |       |    22 ||    22
Dodge: Dodged            |    36 |    31 ||    67

Table legend: (Time is in decaauts)
 A = Elapsed time spent in this place.
 B = Non-inter-level travel time spent in this place.
 C = Inter-level travel time spent in this place.
 D = Time resting spent in this place.
 E = Time spent auto-exploring this place.
 F = Levels seen in this place.
 G = Mean time per level.
                   A        B        C        D        E       F      G
               +--------+--------+--------+--------+--------+-----+--------+
         Total |   2861 |   2727 |    134 |    372 |   1930 |   4 |  715.2 |
       Dungeon |   2861 |   2727 |    134 |    372 |   1930 |   4 |  715.2 |
               +--------+--------+--------+--------+--------+-----+--------+

Top non-repeatable levels by time:
     D:1: 1053 daAuts
     D:2: 1010 daAuts
     D:4: 562 daAuts
     D:3: 234 daAuts
